 Dungeon Crawl Stone Soup version 0.31.0-32-g396128a36d (webtiles) character file.

Game seed: 8124345477724804531

474 Cheops the Changeling (level 7, 0/42 (43) HPs)
             Began as an Octopode Shapeshifter on Mar 26, 2024.
             Was a Believer of Uskayaw.
             Slain by Pargi (4 damage)
             ... on level 4 of the Dungeon.
             The game lasted 00:05:14 (3116 turns).

Cheops the Changeling (Octopode Shapeshifter)       Turns: 3116, Time: 00:05:14

HP:   0/42 (43)     AC:  1    Str: 15    XL:     7   Next: 10%
MP:   0/8           EV: 13    Int: 12    God:    Uskayaw [**....]
Gold: 248           SH:  0    Dex: 12    Spells: 6/6 levels left

rFire   + .          .
                       - Unarmed
rCold   . . .        (no shield)
rNeg    . . .        (helmet currently unavailable)
rPois   .            d - amulet of guardian spirit
rElec   .            f - ring of protection from fire
rCorr   .            (no ring)
SInv    .            (no ring)
Will    .....        (no ring)
Stlth   ++           (no ring)
HPRegen 0.27/turn    (no ring)
MPRegen 0.11/turn    (no ring)
                     (no ring)

%: guardian spirit
@: beast-form, lightly drained
A: beast (slay +3), almost no armour, amphibious, 8 rings, camouflage 1,
gelatinous body 1, (nimble swimmer 1), tentacles
a: Begin Untransformation, Renounce Religion, Stomp, Line Pass


You were on level 4 of the Dungeon.
You worshipped Uskayaw.
Uskayaw was noncommittal.
You were a hulking beast.
You visited 2 branches of the dungeon, and saw 5 of its levels.

You collected 248 gold pieces.

Inventory:

Jewellery
 d - an amulet of guardian spirit (around mantle)
 f - a ring of protection from fire (left tentacle)
 s - an amulet of the acrobat
Talismans
 b - a beast talisman (active)
 c - a flux talisman
Wands
 m - a wand of acid (7)
Scrolls
 h - 2 scrolls of teleportation {unknown}
 i - a scroll of enchant armour {unknown}
 j - 2 scrolls of blinking {unknown}
 k - a scroll of poison {unknown}
 l - a scroll of butterflies {unknown}
 n - a scroll of fear {unknown}
 o - 3 scrolls of identify {unknown}
 p - a scroll of amnesia {unknown}
Potions
 a - 3 potions of lignification
 e - 2 potions of enlightenment {unknown}
 g - a potion of brilliance {unknown}
 q - 2 potions of attraction {unknown}
 r - a potion of mutation {unknown}


   Skills:
 - Level 1.0 Fighting
 - Level 2.0 Dodging
 - Level 5.0 Unarmed Combat
 - Level 2.0 Invocations
 - Level 2.0 Evocations
 + Level 5.6 Shapeshifting


You had 6 spell levels left.
You didn't know any spells.
Your spell library contained the following spells:

 Spells                   Type           Power      Damage    Failure   Level
 Shock                    Conj/Air       0%         1d3       32%         1
 Swiftness                Air            0%         N/A       69%         3
 Airstrike                Air            0%         2d(0-16)  97%         4


Dungeon Overview and Level Annotations

Branches:
Dungeon (4/15)             Temple (1/1) D:4

Altars:
Cheibriados
Dithmenos
Elyvilon
Hepliaklqana
Kikubaaqudgha
Nemelex Xobeh
Okawaru
Sif Muna
Trog
Uskayaw
Vehumet
Xom
The Shining One

Annotations:
D:4 Pargi


Innate Abilities, Weirdness & Mutations

You are a hulking beast.
Your limbs bulge with bestial killing power. (Slay +3)
You cannot wear most types of armour.
You are amphibious.
You can wear up to eight rings at the same time.
Your skin changes colour to match your surroundings (Stealth+).
Your rubbery body absorbs attacks. (AC +1, EV +1)
((You are camouflaged when in or above water. (Stealth+)))
You have tentacles for arms and can constrict up to eight enemies at once.


Message History

* * * LOW HITPOINT WARNING * * *
Unknown command.
Unknown command.
You tentacle-slap Pargi but do no damage.
Pargi is heavily wounded.
Pargi bites you!
* * * LOW HITPOINT WARNING * * *
Pargi claws you.
* * * LOW HITPOINT WARNING * * *
Pargi claws you but does no damage.
You miss Pargi. You squeeze Pargi!
Pargi is severely wounded.
Pargi looks very sad for a moment.
Pargi bites you!
* * * LOW HITPOINT WARNING * * *
Pargi claws you.
* * * LOW HITPOINT WARNING * * *
Pargi barely misses you.
You can now pass through a line of other dancers.
Unknown command.
Unknown command.
Unknown command.
Unknown command.
You closely miss Pargi.
Pargi is severely wounded.
Pargi bites you but does no damage. Pargi barely misses you. Pargi misses you.
You closely miss Pargi.
Pargi is severely wounded.
Pargi closely misses you. Pargi claws you.
* * * LOW HITPOINT WARNING * * *
Pargi claws you.
* * * LOW HITPOINT WARNING * * *
Unknown command.
Unknown command.
Unknown command.
Unknown command.
You closely miss Pargi.
Pargi is heavily wounded.
Pargi bites you.
You die...

#)# #.# #.# ##'##
##...## # ####.....##
###.# .##.......##
##.#.#
.#.........####....#
)'.........'....hT.#
.#.........###.........#
.##.......## #.#.#.###.#
>###.....## #.###.# ##
##...## #.# . ##+## #.#
.# #.# # #.#


You could see Pargi.

Vanquished Creatures
  Grinder (D:4)
  A scorpion (D:4)
  An orc priest (D:4)
  2 orc wizards (D:4)
  4 gnolls (D:2)
  2 adders (D:2)
  A ribbon worm (D:2)
  3 dart slugs
  5 orcs (D:4)
  6 ball pythons
  8 bats
  4 endoplasms
  2 giant cockroaches
  6 goblins
  4 hobgoblins
  7 jackals
  4 quokkas (D:1)
  2 frilled lizards
  6 kobolds
  2 rats
71 creatures vanquished.

Notes
Turn   | Place    | Note
-------+----------+-------------------------------------------
     0 | D:1      | Cheops the Octopode Shapeshifter began the quest for the
                  | Orb.
     0 | D:1      | Reached XP level 1. HP: 13/13 MP: 1/1
   112 | D:1      | Reached XP level 2. HP: 8/18 MP: 2/2
   197 | D:1      | You fall into a shaft and drop 1 floor!
   595 | D:1      | Found a faded altar of an unknown god.
   669 | D:1      | Reached XP level 3. HP: 6/23 MP: 0/3
  1230 | D:2      | Reached XP level 4. HP: 27/28 MP: 4/4
  1616 | D:2      | Reached skill level 5 in Unarmed Combat
  1795 | D:3      | Found a shadowy altar of Dithmenos.
  1993 | D:3      | Reached XP level 5. HP: 31/33 MP: 5/5
  2753 | D:4      | Reached skill level 1 in Evocations
  2766 | D:4      | Found a staircase to the Ecumenical Temple.
  2774 | Temple   | Entered the Ecumenical Temple
  2812 | Temple   | Became a worshipper of Uskayaw the Reveller
  2905 | D:4      | Reached * piety under Uskayaw
  2907 | D:4      | Reached ** piety under Uskayaw
  2909 | D:4      | Reached skill level 1 in Invocations
  2909 | D:4      | Reached *** piety under Uskayaw
  2910 | D:4      | Reached XP level 6. HP: 25/38 MP: 4/7
  2971 | D:4      | Noticed Grinder
  2980 | D:4      | Killed Grinder
  2981 | D:4      | Reached skill level 5 in Shapeshifting
  2981 | D:4      | Reached XP level 7. HP: 25/43 MP: 4/8
  3104 | D:4      | Noticed Pargi
  3116 | D:4      | Slain by Pargi

Illustrated notes

Levels and vault maps discovered:
D:1:      beargit_arrival_greenhouse, layout_basic,
          shapermc_ecumenical_altar_mp_vishouse
D:2:      layout_basic, grunt_decor_arrowhead, dreamdust_wishing_well,
          feat_on_display
D:3:      layout_basic, nicolae_dithmenos_the_darkroom, serial_co_window_serial,
          co_window_paths_b, co_window_paths_a, co_window_of_opportunity_a,
          co_window_corner_a, co_window_of_opportunity_a, co_window_paths_a,
          co_window_paths_b, co_window_2corner, co_window_corner_cb,
          co_window_2corner, co_window_4corner_b, co_window_sun,
          glass_columns_b, glass_columns_a, glass_columns_a, glass_columns_a,
          glass_columns_a, minmay_misc_feat_iff
D:4:      layout_loops_corners, overflow_temple_1_default,
          minmay_temple_entry_trees, uniq_ijyb, uniq_pargi, uniq_grinder
Temple:   nicolae_temple_bog_church

Skill      XL: |  1  2  3  4  5  6 |
---------------+-------------------+-----
Unarmed Combat | 4 5 |  5.0
Evocations     | 2 |  2.0
Shapeshifting  | 4 5 |  5.6
Invocations    | 1 2 |  2.0
Fighting       | |  1.0
Dodging        | |  2.0

Action                     |  1- 3 |  4- 6 |  7- 9 || total
---------------------------+-------+-------+-------++-------
  Melee: Unarmed           |    60 |    69 |    21 ||   150
         Constrict         |    20 |    23 |     2 ||    45
         Tentacles         |    12 |    15 |     4 ||    31
         Punch             |     3 |     3 |       ||     6
Ability: Begin Untransform |     1 |       |       ||     1
   Stab: Sleeping          |     3 |     2 |       ||     5
         Distracted        |       |     1 |       ||     1
         Paralysed         |       |     1 |       ||     1
 Armour: Skin              |    38 |    25 |    21 ||    84
  Dodge: Dodged            |    33 |    34 |     8 ||    75
   Form: Beast             |     1 |       |       ||     1
